 Dungeon Crawl Stone Soup version 0.22-a0-558-gc224181 (webtiles) character file.

84 iamserjio the Magician (level 4, -2/31 HPs)
             Began as an Octopode Wanderer on June 27, 2018.
             Slain by an orc wizard
             ... wielding a +0 dagger
              (4 damage)
             ... on level 2 of the Dungeon.
             The game lasted 00:03:21 (1916 turns).

iamserjio the Magician (Octopode Wanderer)          Turns: 1916, Time: 00:03:22

Health: -2/31      AC:  1    Str: 10    XL:     4   Next: 45%
Magic:  11/11      EV: 13    Int: 15    God:
Gold:   144        SH:  0    Dex: 12    Spells: 12/13 levels left

rFire    . . .     SeeInvis .   a - +2 dagger
rCold    . . .     Gourm    .   (no shield)
rNeg     . . .     Faith    .   (helmet restricted)
rPois    .         Spirit   .   (no amulet)
rElec    .         Reflect  .   (no ring)
rCorr    .         Harm     .   (no ring)
MR       .....                  (no ring)
Stlth    +++.......             (no ring)
HPRegen  0.10/turn              (no ring)
MPRegen  0.12/turn              (no ring)
                                (no ring)
                                (no ring)

@: berserk cooldown, slowed, very slow
A: almost no armour, stealthy swim, amphibious, 8 rings, constrict 8, camouflage
1, mutation resistance 1, gelatinous body 1
a: no special abilities


You were on level 2 of the Dungeon.
You were very hungry.

You visited 1 branch of the dungeon, and saw 3 of its levels.

You collected 144 gold pieces.

Inventory:

Hand Weapons
 a - a +2 dagger (weapon)
 g - a +0 spear of piercing
Missiles
 e - 18 stones (quivered)
Scrolls
 c - 3 scrolls of remove curse {unknown}
 h - 3 scrolls of identify {unknown}
 i - a scroll of enchant weapon {unknown}
 l - a scroll of noise {unknown}
Potions
 b - 3 potions of haste
 d - a potion of heal wounds {unknown}
 j - a potion of agility {unknown}
Comestibles
 f - 5 rations


   Skills:
 + Level 3.5 Fighting
 * Level 2.4 Dodging
 + Level 2.9 Stealth
 - Level 5.0 Spellcasting
 - Level 1.1 Earth Magic
   Level 1.1 Evocations


You had 12 spell levels left.
You knew the following spells:

 Your Spells              Type           Power        Failure   Level  Hunger
a - Sandblast             Erth           #.....       10%         1    None

Your spell library contained the following spells:

 Spells                   Type           Power        Failure   Level  Hunger
 Throw Frost              Conj/Ice       #.....       24%         2    ##.....
 Stone Arrow              Conj/Erth      #.....       36%         3    ###....
 Ensorcelled Hibernation  Hex/Ice        #.....       24%         2    ##.....


Dungeon Overview and Level Annotations

Branches:
Dungeon (3/15)

Altars:


Innate Abilities, Weirdness & Mutations

You cannot wear most types of armour.
You are very stealthy in the water. (Stealth+)
You are amphibious.
You can wear up to eight rings at the same time.
You can use your tentacles to constrict eight enemies at once.
Your skin changes colour to match your surroundings (Stealth+).
Your rubbery body absorbs attacks. (AC +1, EV +1)
You are somewhat resistant to further mutation.


Message History

You are exhausted.
You feel yourself slow down.
You hear some strange, mumbled words.
A puff of flame appears from out of thin air!
The puff of flame hits you!
* * * LOW HITPOINT WARNING * * *
Something hits you.
* * * LOW HITPOINT WARNING * * *
You climb upwards.
There is a stone staircase leading down here.
You hit something but do no damage. Your squeeze misses something.
You are feeling very hungry.
Something hits you.
* * * LOW HITPOINT WARNING * * *
Something hits you.
* * * LOW HITPOINT WARNING * * *
It was a potion of mutation.
You feel extremely strange.
You feel genetically stable. Something hits you but does no damage.
Something hits you.
You die...

.......'.# #)###.#
##.....#.# #..##.#
##.....#.# ##.##.#
##.....#.# #..#.#
##.....#.# ##.#.#
##.....#.# #.#.#
.........#####...#
.............##..#
.............'..@#
........(....#####
.............#
.............#
.............#
.............#
.............#
.............#
.............#


There were no monsters in sight!

Vanquished Creatures
  A worker ant (D:2)
  2 adders (D:2)
  2 oozes
  2 dart slugs (D:2)
  An orc (D:3)
  A ball python (D:2)
  4 giant cockroaches
  4 goblins (D:1)
  4 hobgoblins
  A quokka (D:2)
  4 kobolds (D:1)
  A rat (D:1)
27 creatures vanquished.

Notes
Turn   | Place    | Note
-------+----------+-------------------------------------------
     0 | D:1      | iamserjio the Octopode Wanderer began the quest for the Orb.
     0 | D:1      | iamserjio set off with: a +2 dagger, a potion of haste, a ration
     0 | D:1      | Reached XP level 1. HP: 16/16 MP: 6/6
     2 | D:1      | Learned a level 1 spell: Sandblast
   280 | D:1      | Reached XP level 2. HP: 21/21 MP: 8/8
   396 | D:1      | Reached skill level 1 in Dodging
   396 | D:1      | Reached skill level 1 in Earth Magic
  1121 | D:2      | Reached XP level 3. HP: 26/26 MP: 9/9
  1455 | D:2      | Reached XP level 4. HP: 12/31 MP: 11/11
  1916 | D:2      | Gained mutation: You are somewhat resistant to further mutation. [potion of mutation]
  1916 | D:2      | Slain by an orc wizard

Vault maps used:
D:1:      matt_arrival_grand_opening, serial_forest,
          infiniplex_forest_straight_1, infiniplex_forest_clump_cross,
          infiniplex_forest_straight_5, infiniplex_forest_lined_4_way,
          infiniplex_forest_zigzag_1, infiniplex_forest_lined_corner,
          infiniplex_forest_clump_diagonal
D:2:      first_ration
D:3:      nicolae_overflow_crystal_walls

Skill      XL: |  1  2  3 |
---------------+----------+-----
Dodging        | 1 2 |  2.4
Earth Magic    | 1 |  1.1
Stealth        | 2 |  2.9
Fighting       | |  3.5
Spellcasting   | |  5.0
Evocations     | |  1.1

Action                   |  1- 3 |  4- 6 || total
-------------------------+-------+-------++-------
Melee: Dagger            |    58 |     6 ||    64
       Tentacles         |    13 |     1 ||    14
       Constrict         |    11 |     1 ||    12
  Use: Potion            |     1 |     3 ||     4
 Stab: Sleeping          |     5 |     1 ||     6
  Eat: Chunk             |     2 |       ||     2
Armor: Skin              |     1 |     1 ||     2
Dodge: Dodged            |    20 |     3 ||    23

Table legend:
 A = Spawn XP
 B = Non-spawn XP
 C = Spawn XP percentage of total XP
 D = Spawn monster count
 E = Non-spawn monster count
 F = Spawn count percentage of total count
 G = Total turns spent on level
                    A         B        C        D         E        F      G
               +---------+---------+-------+---------+---------+-------+---------
         Total |       0 |     120 |   0.0 |       0 |      27 |   0.0 |  1916
               +---------+---------+-------+---------+---------+-------+---------
           D:1 |       0 |      25 |   0.0 |       0 |      13 |   0.0 |   997
           D:2 |       0 |      92 |   0.0 |       0 |      13 |   0.0 |   909
           D:3 |       0 |       3 |   0.0 |       0 |       1 |   0.0 |    10
               +---------+---------+-------+---------+---------+-------+---------
